 Dungeon Crawl Stone Soup version 0.29-a0-352-g0917bc69df (webtiles) character file.

Game seed: 5658028103641658888

27 spaghetti the Covert (level 3, 9/35 HPs)
             Began as a Gnoll Delver on Apr 23, 2022.
             Quit the game on level 4 of the Dungeon.
             The game lasted 00:02:31 (908 turns).

spaghetti the Covert (Gnoll Delver)                  Turns: 908, Time: 00:02:32

Health: 9/35       AC:  3    Str: 11    XL:     3   Next: 10%
Magic:  3/3        EV: 13    Int: 11    God:
Gold:   57         SH:  0    Dex: 13    Spells: 3/3 levels left

rFire   . . .      SeeInvis .   a - +0 spear {polearm}
rCold   . . .      Faith    .   (no shield)
rNeg    . . .      Spirit   .   b - +0 leather armour
rPois   .          Reflect  .   (no helmet)
rElec   .          Harm     .   (no cloak)
rCorr   .          Rampage  .   (no gloves)
Will    .....                   (no boots)
Stlth   ++++......              (no amulet)
HPRegen 0.11/turn               (no ring)
MPRegen 0.08/turn               (no ring)

@: no status effects
A: fangs 1, strong nose, distributed training
a: no special abilities


You were on level 4 of the Dungeon.
You visited 1 branch of the dungeon, and saw 3 of its levels.

You collected 57 gold pieces.


Innate Abilities, Weirdness & Mutations

You have very sharp teeth.
Your uncanny sense of smell can sniff out nearby items.
Your experience applies equally to all skills.


   Skills:
 + Level 6.5 Fighting
 + Level 0.6 Short Blades
 + Level 0.6 Long Blades
 + Level 0.6 Axes
 + Level 0.6 Maces & Flails
 + Level 4.5 Polearms
 + Level 0.6 Staves
 + Level 0.6 Slings
 + Level 0.6 Bows
 + Level 0.6 Crossbows
 + Level 0.6 Throwing
 + Level 0.6 Armour
 + Level 4.5 Dodging
 + Level 9.5 Stealth
 + Level 0.6 Shields
 + Level 0.6 Unarmed Combat
 + Level 0.6 Spellcasting
 + Level 0.4 Conjurations
 + Level 0.4 Hexes
 + Level 0.4 Summonings
 + Level 0.4 Necromancy
 + Level 0.4 Translocations
 + Level 0.4 Transmutations
 + Level 0.4 Fire Magic
 + Level 0.4 Ice Magic
 + Level 0.4 Air Magic
 + Level 0.4 Earth Magic
 + Level 0.4 Poison Magic
 + Level 0.8 Invocations
 + Level 0.6 Evocations


You had 3 spell levels left.
You didn't know any spells.
Your spell library contained the following spells:

 Spells                   Type           Power      Damage    Failure   Level
 Sting                    Tmut/Pois      4%         1d3       36%         1
 Poisonous Vapours        Pois/Air       2%         N/A       50%         2
 Olgreb's Toxic Radiance  Pois           1%         N/A       98%         4

Inventory:

Hand Weapons
 a - a +0 spear (weapon) {polearm}
Missiles
 i - 23 stones (quivered) {throwing}
 k - 5 poisoned darts {throwing}
Armour
 b - a +0 leather armour (worn)
Wands
 g - a wand of digging (3)
Scrolls
 c - a scroll of fog
 e - a scroll of fear
 h - a scroll of immolation {unknown}
 l - a scroll of teleportation {unknown}
 m - a scroll of identify {unknown}
Potions
 d - 2 potions of degeneration {unknown}
 f - a potion of haste {@q3}
 j - 2 potions of lignification {unknown}

Dungeon Overview and Level Annotations

Branches:
Dungeon (5/15)             Temple (0/1) D:5

Altars:

Annotations:
D:4 2 exclusions
D:5 4 exclusions

#.# #.# #..## #.# #.#
#..## ..# #.# #>... ###
#.###.###
##########.##...##
#................#
#.########.##....# #.#
#.###.... #@# #.##.....
#h# #.##..... #g#
###.##..... #g#
#.......... #.....w#
##.#.##.....
#......#####....##.....
#$............####.....
#......#...........#..#
#.....##.###.####..#.##


You could see a worm, a hound and 2 gnolls.


Message History

No target in view!
j - 2 murky yellow potions (gained 1)
You now have 41 gold pieces (gained 12).
You now have 54 gold pieces (gained 13).
You now have 57 gold pieces (gained 3).
You pick up a Young Poisoner's Handbook and begin reading...
You add the spells Sting, Poisonous Vapours and Olgreb's Toxic Radiance to your library.
Found an escape hatch in the floor.
No target in view!
Okay, then.
There is an escape hatch in the floor here.
You slide downwards.
The hatch slams shut behind you.
Level annotation: 2 exclusions Unknown command.
A gnoll comes into view. It is wielding a +0 club.
The gnoll shouts!
A worm comes into view.
A gnoll comes into view. It is wielding a +0 flail.
The gnoll shouts!
The gnoll throws a throwing net.
The throwing net hits you.
You become entangled in the net!
You see here a throwing net {=f!fthrowing}.
Unknown command.
You struggle against the net.
You struggle against the net.
You struggle against the net.
The gnoll hits you with a +0 club. 😕 HP[-5]
You take 5 damage, and now have 24/29 hp.
You struggle against the net.
The gnoll hits you with a +0 club. 😕 HP[-2]
You take 2 damage, and now have 22/29 hp.
You rip the net and break free!
The gnoll closely misses you.
You puncture the gnoll! The gnoll misses you.
You closely miss the gnoll.
The gnoll hits you with a +0 club. 😮 HP[-1]
You take 1 damage, and now have 21/29 hp.
You hit the gnoll but do no damage. You bite the gnoll, but do no damage.
You hit the gnoll. You bite the gnoll. The gnoll closely misses you.
You hit the gnoll but do no damage. The gnoll hits you but does no damage.
You hit the gnoll.
You kill the gnoll!
You have reached level 3!
Your experience leads to an increase in your attributes!
Increase (S)trength, (I)ntelligence, or (D)exterity?
You feel clever. x2 😮 HP[+5] MP[+1]
You now have 35 max hp (+6).
You regained 5 hp, and now have 26/35 hp.
Your mp is fully restored (3).
You barely miss the hound. The hound bites you. 😮 HP[-1]
You take 1 damage, and now have 25/35 hp.
You miss the hound.
The hound stops to sniff the ground.
The hound misses you. x2
You closely miss the hound.
The hound pauses to sniff the ground.
The hound bites you. 😮 HP[-3]
You take 3 damage, and now have 22/35 hp.
Unknown command.
You hit the hound. Your bite misses the hound.
The hound barely misses you. 😮 HP[+1]
You barely miss the hound. The hound closely misses you.
The hound stops to sniff the ground.
The hound bites you. 😮 HP[-2]
You take 2 damage, and now have 21/35 hp.
You closely miss the hound. The hound bites you. 😮 HP[-3]
You take 3 damage, and now have 18/35 hp.
You barely miss the hound. The hound closely misses you. x2
You hit the hound. The hound bites you.
* * * LOW HITPOINT WARNING * * *
😨 HP[-2]
You take 2 damage, and now have 16/35 hp.
You closely miss the hound. The hound bites you.
* * * LOW HITPOINT WARNING * * *
😨 HP[-2]
You take 2 damage, and now have 14/35 hp.
You hit the hound. Your bite misses the hound. The hound bites you.
* * * LOW HITPOINT WARNING * * *
😨 HP[-5]
You take 5 damage, and now have 9/35 hp.
Unknown command.
Are you sure you want to abandon this character and quit the game? (Confirm with "yes".)
Okay, then.
Level annotation: 2 exclusions 🤖 Initializing magus.rc ...
Options error: Delay interrupt name "hungry" not recognised. (~/.crawlrc:4761) Options error: Bad monster_list_colour key: strict_neutral (~/.crawlrc:4776) ✅ Successfully initialized magus.rc [v1.9.6] Welcome back, spaghetti the Gnoll Delver.
Press ? for a list of commands and other information.
Are you sure you want to abandon this character and quit the game? (Confirm with "yes".)
Okay, then.
Unknown command.
Unknown command.
Are you sure you want to abandon this character and quit the game? (Confirm with "yes".)

Skill      XL: | |
---------------+-+-----
Stealth        | |  9.5
Fighting       | |  6.5
Short Blades   | |  0.6
Long Blades    | |  0.6
Axes           | |  0.6
Maces & Flails | |  0.6
Polearms       | |  4.5
Staves         | |  0.6
Slings         | |  0.6
Bows           | |  0.6
Crossbows      | |  0.6
Throwing       | |  0.6
Armour         | |  0.6
Dodging        | |  4.5
Shields        | |  0.6
Unarmed Combat | |  0.6
Spellcasting   | |  0.6
Conjurations   | |  0.4
Hexes          | |  0.4
Summonings     | |  0.4
Necromancy     | |  0.4
Translocations | |  0.4
Transmutations | |  0.4
Fire Magic     | |  0.4
Ice Magic      | |  0.4
Air Magic      | |  0.4
Earth Magic    | |  0.4
Poison Magic   | |  0.4
Invocations    | |  0.8
Evocations     | |  0.6

Action                   || total
-------------------------++-------
Melee: Spear             ||    41
       Bite              ||     4
  Use: Scroll            ||     1
 Stab: Sleeping          ||     2
Armor: Leather armour    ||     9
Dodge: Dodged            ||    34

Levels and vault maps discovered:
D:3:      layout_loops_ring, gammafunk_ghost_nasty_kobolds, uniq_jessica,
          uniq_grinder
D:4:      minmay_wonky_spiral, layout_loops_ring
D:5:      layout_loops_corners, nicolae_ru_path_of_blood,
          minmay_temple_entry_statues, corexii_item_surrounded_by_moat,
          uniq_eustachio

Notes
Turn   | Place    | Note
-------+----------+-------------------------------------------
     0 | D:5      | Reached skill level 9 in Stealth
     0 | D:5      | spaghetti the Gnoll Delver began the quest for the Orb.
     0 | D:5      | Reached XP level 1. HP: 23/23 MP: 1/1
     0 | D:5      | magus.rc [v1.9.6]
    33 | D:5      | Noticed an ogre
   237 | D:5      | Noticed a phantom
   292 | D:5      | Reached XP level 2. HP: 20/29 MP: 2/2
   847 | D:3      | You add the spells Sting, Poisonous Vapours and Olgreb's
                  | Toxic Radiance to your library.
   898 | D:4      | Reached XP level 3. HP: 26/35 MP: 3/3
   908 | D:4      | magus.rc [v1.9.6]
   908 | D:4      | Quit the game

Vanquished Creatures
  A gnoll (D:4)
  A shadow imp (D:5)
  An ufetubus (D:4)
  A giant cockroach (D:3)
  A goblin (D:4)
  A bat (D:3)
6 creatures vanquished.

Table legend:
 A = Non-vault XP
 B = Vault XP
 C = Vault XP percentage of total XP
 D = Non-vault monster count
 E = Vault monster count
 F = Vault count percentage of total count
                 A         B        C        D         E       F
            +---------+---------+-------+---------+---------+-------
      Total |      39 |       0 |   0.0 |       6 |       0 |   0.0
            +---------+---------+-------+---------+---------+-------
        D:3 |       3 |       0 |   0.0 |       2 |       0 |   0.0
        D:4 |      25 |       0 |   0.0 |       3 |       0 |   0.0
        D:5 |      11 |       0 |   0.0 |       1 |       0 |   0.0
            +---------+---------+-------+---------+---------+-------

Illustrated notes

Table legend:
 A = Kills in this place as a percentage of kills in entire the game.
 B = Kills by you in this place as a percentage of kills by you in the entire game.
 C = Kills by friends in this place as a percentage of kills by friends in the entire game.
 D = Other kills in this place as a percentage of other kills in the entire game.
 E = Experience gained in this place as a percentage of experience gained in the entire game.
 F = Experience gained in this place divided by the number of levels of this place that you have seen.
                   A       B       C       D       E      F
               +-------+-------+-------+-------+-------+----------------------
         Total | 100.0 | 100.0 |   N/A |   N/A | 100.0 |  13.0
       Dungeon | 100.0 | 100.0 |   N/A |   N/A | 100.0 |  13.0
               +-------+-------+-------+-------+-------+----------------------

Table legend: (Time is in decaauts)
 A = Elapsed time spent in this place.
 B = Non-inter-level travel time spent in this place.
 C = Inter-level travel time spent in this place.
 D = Time resting spent in this place.
 E = Time spent auto-exploring this place.
 F = Levels seen in this place.
 G = Mean time per level.
                   A        B        C        D        E       F      G
               +--------+--------+--------+--------+--------+-----+--------+
         Total |    904 |    904 |      0 |    144 |    520 |   3 |  301.3 |
       Dungeon |    904 |    904 |      0 |    144 |    520 |   3 |  301.3 |
               +--------+--------+--------+--------+--------+-----+--------+

Top non-repeatable levels by time:
     D:4: 484 daAuts
     D:5: 356 daAuts
     D:3: 64 daAuts
